 Dungeon Crawl Stone Soup version 0.28.0 (webtiles) character file.

Game seed: 10642306084489440834

66 cayde69 the Chopper (level 4, 0/40 HPs)
             Began as a Hill Orc Fighter on Feb 7, 2022.
             Succumbed to a goblin's poison
             ... on level 2 of the Dungeon.
             The game lasted 00:03:41 (1254 turns).

cayde69 the Chopper (Hill Orc Fighter)              Turns: 1254, Time: 00:03:43

Health: 0/40       AC: 10    Str: 20    XL:     4   Next: 15%
Magic:  4/4        EV:  9    Int:  8    God:
Gold:   66         SH:  4    Dex: 10    Spells: 3/3 levels left

rFire   . . .      SeeInvis .   a - +0 war axe
rCold   . . .      Faith    .   c - +0 buckler
rNeg    . . .      Spirit   .   b - +0 scale mail
rPois   .          Reflect  .   (no helmet)
rElec   .          Harm     .   (no cloak)
rCorr   .          Rampage  .   l - +0 pair of gloves
Will    .....                   j - +1 pair of boots {Fly}
Stlth   ..........              (no amulet)
HPRegen 0.13/turn               (no ring)
MPRegen 0.09/turn               (no ring)

@: mighty, lethally poisoned (0 -> -1), flying
A: no striking features
a: no special abilities


You were on level 2 of the Dungeon.
You visited 1 branch of the dungeon, and saw 2 of its levels.

You collected 66 gold pieces.

Inventory:

Hand Weapons
 a - a +0 war axe (weapon)
Armour
 b - a +0 scale mail (worn)
 c - a +0 buckler (worn)
 j - a +1 pair of boots of flying (worn)
 l - a +0 pair of gloves (worn)
Scrolls
 f - a scroll of blinking {unknown}
 g - a scroll of holy word {unknown}
 h - 2 scrolls of identify {unknown}
 i - a scroll of teleportation {unknown}
Potions
 e - 2 potions of flight {unknown}
 k - a potion of ambrosia {unknown}


   Skills:
 + Level 4.1 Fighting
 + Level 4.3 Axes
 + Level 3.6 Armour
 + Level 0.4 Dodging
 + Level 0.2 Stealth
 + Level 3.6 Shields


You had 3 spell levels left.
You didn't know any spells.
Your spell library was empty.

Dungeon Overview and Level Annotations

Branches:
Dungeon (2/15)

Altars:
Ru

Annotations:
D:2 Robin


Message History

The goblin hits you but does no damage. Robin throws the goblin at you!
You block the goblin's attack.
You have reached level 4!
You closely miss the goblin. You barely miss the goblin. You hit the goblin.
* * * LOW HITPOINT WARNING * * *
You feel very sick. The goblin barely misses you.
The goblin hits you but does no damage. x2
The goblin closely misses you. x2
You slash the goblin!
You kill the goblin!
You closely miss the goblin. You slash the goblin!
You kill the goblin!
* * * LOW HITPOINT WARNING * * *
You feel very sick. Robin throws the goblin at you!
The goblin hits you but does no damage. The goblin closely misses you.
You closely miss the goblin. You slash the goblin!
You kill the goblin!
You slash the goblin!
You kill the goblin!
* * * LOW HITPOINT WARNING * * *
You feel sick. Robin throws the goblin at you! You block the goblin's attack.
The goblin hits you with a +0 club.
* * * LOW HITPOINT WARNING * * *
You block the goblin's attack. The goblin hits you but does no damage.
You slash the goblin!
You kill the goblin!
You slash the goblin!
You kill the goblin!
* * * LOW HITPOINT WARNING * * *
You feel sick.
* * * LOW HITPOINT WARNING * * *
You feel sick.
Items here: )))) †††.
You barely miss Robin.
* * * LOW HITPOINT WARNING * * *
You feel sick. Robin closely misses you.
You slash Robin!
Robin is severely wounded.
You die...

#..)......# #[<
###.........# #.#
###...........# #>#
..............###.#
.........##....##.#
...#...#######....#
##.#.#...#####..###
##.#.###....##..###
................@)#
...#.###...#.####g#
##...# #.#...# #)#
...### #.....# #.#
.#..# #.##.## #..
.##......# .# ##.
.# ......# .# ..
.........# ..
##....... ...


You could see Robin.

Vanquished Creatures
  4 dart slugs
  5 endoplasms
  A giant cockroach (D:1)
  10 goblins (D:2)
  4 hobgoblins
  7 jackals (D:1)
  2 kobolds (D:1)
  4 quokkas
  6 ball pythons
  3 bats
  A frilled lizard (D:1)
  3 rats
50 creatures vanquished.

Notes
Turn   | Place    | Note
-------+----------+-------------------------------------------
     0 | D:1      | cayde69 the Hill Orc Fighter began the quest for the Orb.
     0 | D:1      | Reached XP level 1. HP: 19/19 MP: 1/1
   196 | D:1      | Reached XP level 2. HP: 27/27 MP: 2/2
   491 | D:1      | Found a faded altar of an unknown god.
   498 | D:1      | Reached XP level 3. HP: 32/33 MP: 3/3
   508 | D:1      | Prayed at the altar of an unknown god.
   508 | D:1      | Became a worshipper of Ru the Awakened
   511 | D:1      | Fell from the grace of Ru
  1240 | D:2      | Noticed Robin
  1248 | D:2      | Reached XP level 4. HP: 14/40 MP: 4/4
  1252 | D:2      | HP: 2/40 [poisoned by a goblin]
  1254 | D:2      | Succumbed to a goblin's poison

Illustrated notes

Levels and vault maps discovered:
D:1:      matt_arrival_diagonals, layout_basic, ebering_ecumenical_altar_mist,
          hangedman_decor_slide_cut
D:2:      layout_rooms, minmay_diced_spiral, uniq_robin,
          uniq_crazy_yiuf_cottage, uniq_jessica

Skill      XL: |  1  2  3 |
---------------+----------+-----
Axes           | 3 4 |  4.3
Fighting       | 4 |  4.1
Armour         | |  3.6
Dodging        | |  0.4
Stealth        | |  0.2
Shields        | |  3.6

Action                   |  1- 3 |  4- 6 || total
-------------------------+-------+-------++-------
Melee: War axe           |    95 |     6 ||   101
Invok: Renounce Religion |     1 |       ||     1
  Use: Potion            |     1 |       ||     1
Armor: Scale mail        |    63 |     5 ||    68
Dodge: Dodged            |    58 |     5 ||    63
Block: Buckler           |    34 |     2 ||    36
